 Dungeon Crawl Stone Soup version 0.28-a0-691-gad6df49e81 (webtiles) character file.

Game seed: 4447563688772171153

1913 kae the Insei (level 8, -3/68 HPs)
             Began as a Red Draconian Transmuter on Oct 21, 2021.
             Was a Follower of Wu Jian.
             Slain by an orc warrior (17 damage)
             ... on level 6 of the Dungeon.
             The game lasted 00:05:44 (8414 turns).

kae the Insei (Red Draconian Transmuter)            Turns: 8414, Time: 00:05:45

Health: -3/68      AC:  2    Str: 12    XL:     8   Next: 95%
Magic:  8/11       EV: 19    Int: 16    God:    Wu Jian [*.....]
Gold:   146        SH:  0    Dex: 17    Spells: 3/11 levels left

rFire   + . .      SeeInvis .     - Unarmed
rCold   . . .      Faith    .   (shield currently unavailable)
rNeg    . . .      Spirit   .   (armour unavailable)
rPois   x          Reflect  .   (helmet currently unavailable)
rElec   .          Harm     .   (cloak currently unavailable)
rCorr   .          Rampage  .   (gloves currently unavailable)
Will    .....                   (boots currently unavailable)
Stlth   ++........              (no amulet)
HPRegen 0.21/turn               f - ring of protection from fire
MPRegen 0.12/turn               (no ring)

@: short of breath, spider-form (expiring), studying Axes
A: venomous fangs, (breathe fire), AC +6, tiny, unfitting armour, (fire
resistance 1), (cold-blooded)
a: End Transformation, Renounce Religion


You were on level 6 of the Dungeon.
You worshipped Wu Jian.
Wu Jian was aware of your devotion.
You were a venomous arachnid creature.
You visited 2 branches of the dungeon, and saw 7 of its levels.

You collected 326 gold pieces.
You spent 180 gold pieces at shops.

Inventory:

Missiles
 p - a throwing net
Jewellery
 f - a ring of protection from fire (left front leg)
 q - a ring of wizardry
Wands
 j - a wand of flame (15)
 n - a wand of polymorph (8)
Scrolls
 a - 2 scrolls of teleportation
 e - a scroll of identify
 h - 2 scrolls of enchant weapon
 m - a scroll of magic mapping {unknown}
Potions
 b - a potion of might
 c - a potion of brilliance
 d - 3 potions of degeneration
 g - a potion of mutation
 i - a potion of flight {unknown}
 k - a potion of curing
 l - a potion of resistance
 o - a potion of ambrosia


   Skills:
 + Level 5.1 Fighting
 - Level 1.7 Dodging
 * Level 7.2 Unarmed Combat
 - Level 2.0 Spellcasting
 * Level 6.9 Transmutations
 * Level 3.5 Ice Magic
 - Level 2.0 Poison Magic


You had 3 spell levels left.
You knew the following spells:

 Your Spells              Type           Power      Damage    Failure   Level
a - Beastly Appendage     Tmut           46%        N/A       6%          1
b - Spider Form           Tmut/Pois      7%         N/A       24%         3
c - Ice Form              Ice/Tmut       18%        N/A       45%         4

Your spell library contained the following spells:

 Spells                   Type           Power      Damage    Failure   Level
 Wereblood                Tmut           23%        N/A       8%          2
 Gell's Gravitas          Tloc           0%         N/A       73%         3
 Lesser Beckoning         Tloc           1%         N/A       73%         3
 Teleport Other           Tloc           1%         N/A       73%         3


Dungeon Overview and Level Annotations

Branches:
Dungeon (6/15)             Temple (1/1) D:4

Altars:
Ashenzari
Cheibriados
Dithmenos
Gozag
Kikubaaqudgha
Makhleb
Okawaru
Qazlal
Sif Muna
Trog
Uskayaw
Vehumet
Wu Jian
Xom
Yredelemnul
Zin
The Shining One

Shops:
D:3 !

Annotations:
D:6 1 runed translucent door, Irenicus's ghost, novice DDEE


Innate Abilities, Weirdness & Mutations

You are a venomous arachnid creature.
You have poisonous fangs.
You are tiny and dextrous.
Your spellcasting is less reliable in this form.
Your armour is entirely melded.
You are incapable of wielding weapons or throwing items.
((You can breathe blasts of fire.))
((Your fiery red scales are hard. (AC +6)))
You cannot fit into any form of body armour.
((Your flesh is heat resistant. (rF+)))
((You are cold-blooded and may be slowed by cold attacks.))


Message History

Press: ? - help, Shift-Dir - straight line You breathe a blast of fire.
The fiery breath hits the orc warrior but does no damage.
The orc warrior is engulfed in blazing flames.
The orc warrior hits you from afar with a +2 glaive of protection!
Casting: Spider Form (dangerous; 10% risk of failure)
Confirm with . or Enter, or press ? or * to list all spells.
You turn into a venomous arachnid creature.
The orc warrior misses you.
The orc warrior is engulfed in blazing flames.
The orc warrior barely misses you.
You lunge at the orc warrior.
You hit the orc warrior but do no damage.
The orc warrior is heavily wounded.
The orc warrior is engulfed in blazing flames.
The orc warrior barely misses you.
You hit the orc warrior but do no damage.
The orc warrior is heavily wounded.
The orc warrior is engulfed in blazing flames.
The orc warrior hits you with a +2 glaive of protection!
You hit the orc warrior but do no damage.
The orc warrior is poisoned.
The orc warrior is severely wounded.
The orc warrior is engulfed in blazing flames.
The orc warrior hits you with a +2 glaive of protection!!
* * * LOW HITPOINT WARNING * * *
You hit the orc warrior.
The orc warrior is almost dead.
The orc warrior completely misses you.
You hit the orc warrior but do no damage.
The orc warrior is almost dead.
The orc warrior misses you.
You feel better.
Your transformation is almost over.
The orc warrior hits you with a +2 glaive of protection!
* * * LOW HITPOINT WARNING * * *
You hit the orc warrior but do no damage.
The orc warrior is almost dead.
The orc warrior hits you with a +2 glaive of protection!
You die...

#≈##≈≈≈##≈..≈..#≈.≈#≈#...
#≈ ######≈...≈#≈...≈.....
#≈ #.).#≈≈....≈.........#
#≈ #...#≈≈....#....#...##
#..o#≈≈[.#####.##...#
##'###≈.## ### ####
#≈##≈.≈##≈.# #≈≈≈≈o≈≈≈≈.#
#####ooos..# ########


You could see an orc warrior (very poisoned), 2 orc wizards and an orc.

Vanquished Creatures
  Prince Ribbit (D:5)
  Eustachio (D:3)
  2 ice beasts
  A sky beast (D:6)
  3 ogres
  A black bear (D:6)
  2 necrophages (D:5)
  A phantom (D:6)
  A scorpion (D:5)
  3 electric eels (D:6)
  A centaur zombie (D:5)
  2 gnoll shamans (D:6)
  A hound (D:5)
  2 iguanas
  A killer bee zombie (D:6)
  2 hound skeletons (D:5)
  12 gnolls
  8 adders
  A howler monkey skeleton (D:5)
  3 ufetubi (D:5)
  An adder skeleton (D:4)
  3 worms
  2 dart slugs
  19 orcs
  6 endoplasms
  11 goblins
  5 hobgoblins
  3 jackals (D:3)
  9 kobolds
  4 quokkas
  4 ball pythons
  4 bats
  8 frilled lizards
  10 rats
138 creatures vanquished.

Vanquished Creatures (others)
  5 plants (D:3)
5 creatures vanquished.

Grand Total: 143 creatures vanquished

Notes
Turn   | Place    | Note
-------+----------+-------------------------------------------
     0 | D:1      | kae the Draconian Transmuter began the quest for the Orb.
     0 | D:1      | Reached XP level 1. HP: 16/16 MP: 3/3
    92 | D:1      | Found a faded altar of an unknown god.
   276 | D:1      | Reached XP level 2. HP: 12/23 MP: 5/5
   460 | D:1      | Found Roim's Distillery.
   928 | D:2      | Reached XP level 3. HP: 20/29 MP: 6/6
   932 | D:2      | Learned a level 3 spell: Spider Form
  1585 | D:2      | Reached XP level 4. HP: 21/36 MP: 7/7
  1977 | D:3      | Reached skill level 1 in Poison Magic
  2637 | D:3      | Reached skill level 4 in Unarmed Combat
  2947 | D:3      | Found Zer Ives's Distillery.
  2959 | D:3      | Bought a potion of curing for 36 gold pieces
  2959 | D:3      | Bought a potion of degeneration for 12 gold pieces
  2959 | D:3      | Bought a potion of mutation for 96 gold pieces
  2959 | D:3      | Bought a potion of curing for 36 gold pieces
  3076 | D:4      | Found a shimmering blue altar of Sif Muna.
  3086 | D:4      | Noticed an ogre
  3099 | D:4      | Killed an ogre
  3100 | D:4      | Reached XP level 5. HP: 42/42 MP: 4/8
  3107 | D:4      | Learned a level 4 spell: Ice Form
  3573 | D:4      | Reached XP level 6. HP: 39/50 MP: 6/9
  3869 | D:4      | Noticed Eustachio
  4571 | D:4      | Found a staircase to the Ecumenical Temple.
  4708 | Temple   | Entered the Ecumenical Temple
  4716 | Temple   | Became a worshipper of the Wu Jian Council
  4824 | D:3      | Killed Eustachio
  4825 | D:3      | Reached skill level 5 in Unarmed Combat
  5016 | D:5      | Entered Level 5 of the Dungeon
  5098 | D:5      | Your scales start taking on a fiery red colour.
  5098 | D:5      | Reached XP level 7. HP: 53/57 MP: 6/10
  5098 | D:5      | Gained mutation: Your flesh is heat resistant. (rF+) [Red
                  | Draconian growth]
  5146 | D:5      | Reached skill level 5 in Transmutations
  5766 | D:5      | Reached skill level 6 in Unarmed Combat
  5766 | D:5      | Reached skill level 1 in Ice Magic
  6169 | D:5      | Noticed Prince Ribbit
  6176 | D:5      | Killed Prince Ribbit
  6177 | D:5      | Reached XP level 8. HP: 32/67 MP: 7/11
  7686 | D:6      | Found a runed translucent door.
  7691 | D:6      | Noticed Irenicus's ghost (novice DDEE)
  7766 | D:6      | Reached * piety under Wu Jian
  7767 | D:6      | Reached skill level 5 in Fighting
  7767 | D:6      | Reached skill level 7 in Unarmed Combat
  8414 | D:6      | Slain by an orc warrior

Illustrated notes

Levels and vault maps discovered:
D:1:      scummos_arrival_forest, layout_loops_ring, serial_shops, shop,
          ebering_ecumenical_altar_sacrificial, minmay_misc_feat_hallway
D:2:      layout_rooms, minmay_small_reverse_x
D:3:      kennysheep_six_static_rooms, layout_rooms, serial_shops,
          shop_fountains, lexackson_kobold_supper
D:4:      layout_loops_ring, mainiacjoe_overflow_paths,
          minmay_temple_entry_fiery, minmay_misc_feat_chi, uniq_eustachio
D:5:      layout_basic, uniq_prince_ribbit1
D:6:      layout_cave_pools, ebering_ghost_sewer_f, serial_shops,
          nicolae_square_shop, serial_park_tiny_pond, skrybe_limestone_x,
          nicolae_water_bricks, lightli_minifort
Temple:   dpeg_three_leaves_temple

Skill      XL: |  1  2  3  4  5  6  7  8 |
---------------+-------------------------+-----
Fighting       | 2 3 4 5 |  5.1
Transmutations | 3 4 6 |  6.9
Poison Magic   | 2 |  2.0
Unarmed Combat | 4 5 6 7 |  7.2
Ice Magic      | 2 3 |  3.5
Dodging        | |  1.7
Spellcasting   | |  2.0

Action                   |  1- 3 |  4- 6 |  7- 9 || total
-------------------------+-------+-------+-------++-------
Melee: Unarmed           |   140 |   174 |   172 ||   486
       Kick              |    18 |    16 |       ||    34
       Headbutt          |     7 |    14 |       ||    21
       Punch             |     2 |       |     2 ||     4
       Tailslap          |     6 |     5 |     3 ||    14
 Cast: Beastly Appendage |    20 |    21 |       ||    41
       Spider Form       |       |    12 |    20 ||    32
Invok: Lunge             |       |       |     7 ||     7
 Abil: Breathe Fire      |       |       |    10 ||    10
Evoke: Wand              |       |     5 |       ||     5
  Use: Scroll            |     1 |     6 |     4 ||    11
       Potion            |       |     1 |     1 ||     2
 Stab: Sleeping          |     1 |       |       ||     1
Armor: Skin              |    64 |    56 |    27 ||   147
Dodge: Dodged            |   129 |   190 |   198 ||   517

Table legend: (Time is in decaauts)
 A = Elapsed time spent in this place.
 B = Non-inter-level travel time spent in this place.
 C = Inter-level travel time spent in this place.
 D = Time resting spent in this place.
 E = Time spent auto-exploring this place.
 F = Levels seen in this place.
 G = Mean time per level.
                   A        B        C        D        E       F      G
               +--------+--------+--------+--------+--------+-----+--------+
         Total |   8378 |   8220 |    158 |    958 |   6061 |   7 | 1196.9 |
       Dungeon |   8362 |   8212 |    150 |    958 |   6061 |   6 | 1393.7 |
        Temple |     16 |      9 |      7 |      0 |      0 |   1 |   16.0 |
               +--------+--------+--------+--------+--------+-----+--------+

Top non-repeatable levels by time:
     D:5: 2070 daAuts
     D:4: 1586 daAuts
     D:3: 1472 daAuts
     D:6: 1310 daAuts
     D:1: 1052 daAuts
     D:2: 870 daAuts
  Temple: 16 daAuts
